 Dungeon Crawl Stone Soup version 0.16-a0-2622-gbfab2ba (webtiles) character file.

1513 PolkaDot the Summoner (level 8, -5/65 HPs)
             Began as a Vampire Summoner on Nov 22, 2014.
             Slain by an orc warrior
             ... wielding a +0 trident
              (22 damage)
             ... on level 6 of the Dungeon.
             The game lasted 00:23:30 (6454 turns).

PolkaDot the Summoner (Vampire Summoner)            Turns: 6454, Time: 00:23:30

Health: -5/65      AC:  5    Str:  7    XL:     8   Next: 53%
Magic:  4/13       EV: 12    Int: 19    God:
Gold:   319        SH:  0    Dex: 14    Spells: 4 memorised, 1 level left

rFire  . . .     SeeInvis +     c - +0 spear (pierce)
rCold  . . .     Clarity  .     i - +2 robe (curse)
rNeg   . . .     SustAb   .     (no shield)
rPois  .         Gourm    .     (no helmet)
rElec  .         Spirit   .     A - +0 cloak
rCorr  +         Warding  .     (no gloves)
rMut   .         Stasis   .     (no boots)
MR     .....                    y - amulet of resist corrosion
Stlth  +++.......               (no ring)
                                g - ring of stealth

@: lethally poisoned, regenerating very quickly, not resistant to hostile
enchantments, fairly stealthy
A: bottle blood, fangs 3, see invisible, unbreathing
a: no special abilities


You were on level 6 of the Dungeon.
You were almost alive.

You visited 1 branch of the dungeon, and saw 6 of its levels.
You also visited: Sewer.

You collected 319 gold pieces.

Inventory:

Hand weapons
 c - a +0 spear of piercing (weapon)
Armour
 i - a cursed +2 robe (worn)
 A - a +0 cloak (worn)
Jewellery
 g - a ring of stealth (left hand)
 y - an amulet of resist corrosion (around neck)
Magical devices
 v - a wand of cold (8)
Scrolls
 a - 2 scrolls of identify {unknown}
 e - 2 scrolls of amnesia
 f - 3 scrolls of recharging
 h - 4 scrolls of enchant armour
 l - 2 scrolls of teleportation
 p - 4 scrolls of remove curse {unknown}
 r - 2 scrolls of random uselessness {unknown}
 s - a scroll of enchant weapon {unknown}
 t - a scroll of fog {unknown}
 u - a scroll of torment {unknown}
 w - 2 scrolls of blinking {unknown}
Potions
 d - 12 potions of blood {@*1}
 k - 2 potions of magic
 m - a potion of confusion {unknown}
 n - a potion of might {unknown}
 o - a potion of brilliance
 q - a potion of restore abilities {unknown}
 x - a potion of resistance {unknown}
 z - a potion of poison {unknown}
Books
 b - a book of Callings

   Spells                             Type                      Level
   *Summon Small Mammal               Summoning                    1
   *Call Imp                          Summoning                    2
   *Call Canine Familiar              Summoning                    3
   Summon Guardian Golem              Hexes/Summoning              4
   Summon Lightning Spire             Summoning/Air                4
   *Summon Ice Beast                  Ice/Summoning                4


   Skills:
 * Level 6.7 Fighting
 - Level 2.1 Dodging
 - Level 3.0 Stealth
 - Level 2.0 Spellcasting
 + Level 8.6 Summonings


You had one spell level left.
You knew the following spells:

 Your Spells              Type           Power        Failure   Level  Hunger
a - Summon Small Mammal   Summ           ####         1%          1    #......
d - Call Canine Familiar  Summ           ####....     1%          3    ###....
i - Summon Ice Beast      Ice/Summ       ###.....     34%         4    #####..
s - Call Imp              Summ           ####....     1%          2    ###....


Dungeon Overview and Level Annotations

Branches:
Dungeon (6/15)
 Temple: D:4-7

Altars:
Ashenzari
Qazlal
Ru
Trog
Yredelemnul
Zin


Innate Abilities, Weirdness & Mutations

Your natural rate of healing is extremely fast.
You can bottle blood from corpses.
You have razor-sharp teeth.
You have supernaturally acute eyesight.
You can survive without breathing.


Message History

An orc wizard comes into view. It is wielding a dagger.
You feel sick. The trapdoor spider bites you!
* * * LOW HITPOINT WARNING * * *
An orc warrior comes into view. It is wielding a trident.
Your surroundings suddenly seem different.
The orc warrior barely misses you.
You feel sick. The orc warrior closely misses you.
You feel sick.
You see here a whip.
You feel sick.
You feel sick.
You feel sick.
You feel sick.
Drink which item? (? for menu, Esc to quit)
Yummy - fresh blood!
You feel sick.
The orc wizard mumbles some strange words.
The orc wizard flickers and vanishes for a moment.
You feel sick.
The orc warrior hits you from afar with a trident!!
You die...

##.### ##...5.####
#.# ##..o..... #.#
##'#..P.. #.#
#.#..P_. #.#########
#.#....P
#.#...5)..###.5.....
#.#.#####.##.)......
#...................
##.#@###....o...#####
##....###o#.###.##
#.....o.....# #.#
##...######## #.#
##.## #.# ### #.# ###
#.# ##.###.#
##.#.##.# ###


You could see an orc warrior.

Vanquished Creatures
  A wyvern (D:6)
  A slave (D:4)
  A black bear (D:6)
  2 giant frogs (D:6)
  2 crimson imps
  2 hounds
  An iguana (D:6)
  An orc priest (D:4)
  A worker ant (D:6)
  A mummy (D:6)
  A gnoll (D:5)
  7 adders
  A giant mite (D:3)
  A shadow imp (D:5)
  4 worms
  An adder zombie (D:6)
  3 orcs
  5 giant cockroaches
  9 goblins
  9 hobgoblins
  6 jackals
  5 kobolds
  5 quokkas
  4 ball pythons
  7 bats
  8 giant geckos
  13 giant newts
  11 rats
113 creatures vanquished.

Vanquished Creatures (collateral kills)
  Pikel (D:4)
  Edmund (D:4)
  An orc warrior (D:6)
  A black bear (D:6)
  2 ice beasts (D:6)
  A centaur (D:5)
  A sky beast (D:4)
  Sigmund (D:2)
  A worker ant (D:4)
  3 orc wizards
  4 adders
  2 gnolls (D:5)
  2 orcs (D:6)
  2 hobgoblins
  4 jackals
  A ball python zombie (D:5)
  A bat (D:1)
  3 giant newts
  A kobold (D:1)
  A rat (D:5)
34 creatures vanquished.

Vanquished Creatures (others)
  A wolf (D:6)
  3 crimson imps
  An iron imp (D:4)
  8 hounds
  4 white imps (D:4)
  A shadow imp (D:6)
  A quokka (D:4)
  2 bats
  A rat (D:1)
22 creatures vanquished.

Grand Total: 169 creatures vanquished

Notes
Turn   | Place    | Note
--------------------------------------------------------------
     0 | D:1      | PolkaDot, the Vampire Summoner, began the quest for the Orb.
     0 | D:1      | Reached XP level 1. HP: 13/13 MP: 3/3
   230 | D:1      | Reached XP level 2. HP: 11/19 MP: 4/4
   368 | D:1      | Learned a level 2 spell: Call Imp
   820 | D:1      | Reached skill level 5 in Summonings
   847 | D:2      | Reached XP level 3. HP: 24/24 MP: 6/6
   852 | D:2      | Learned a level 3 spell: Call Canine Familiar
   982 | D:2      | Noticed Sigmund
  1007 | D:2      | Killed Sigmund
  1007 | D:2      | Reached XP level 4. HP: 23/30 MP: 1/7
  1454 | D:2      | Reached skill level 6 in Summonings
  1916 | D:3      | Reached XP level 5. HP: 28/35 MP: 9/9
  2159 | D:3      | Found a glowing drain.
  2164 | Sewer    | Entered a sewer
  3115 | D:4      | Noticed Pikel
  3115 | D:4      | Noticed a slave
  3115 | D:4      | Noticed a slave
  3127 | D:4      | Killed a slave
  3141 | D:4      | Noticed a slave
  3143 | D:4      | Noticed a slave
  3223 | D:4      | Noticed Edmund
  3237 | D:4      | Killed Edmund
  3237 | D:4      | Reached skill level 1 in Fighting
  3237 | D:4      | Reached skill level 7 in Summonings
  3410 | D:4      | Reached XP level 6. HP: 42/44 MP: 7/10
  3557 | D:4      | Killed Pikel
  3557 | D:4      | Reached XP level 7. HP: 25/53 MP: 0/12
  4058 | D:4      | Noticed a sky beast
  4070 | D:4      | Killed a sky beast
  4107 | D:4      | Found a sacrificial altar of Ru.
  4328 | D:4      | Found a glowing silver altar of Zin.
  4468 | D:4      | Learned a level 4 spell: Summon Ice Beast
  4479 | D:5      | Entered Level 5 of the Dungeon
  4518 | D:5      | Found a shattered altar of Ashenzari.
  4518 | D:5      | Found a stormy altar of Qazlal.
  4519 | D:5      | Found a basalt altar of Yredelemnul.
  5171 | D:5      | Reached skill level 8 in Summonings
  5329 | D:6      | Reached skill level 5 in Fighting
  5690 | D:6      | Noticed a wyvern
  5701 | D:6      | Killed a wyvern
  5701 | D:6      | Reached XP level 8. HP: 37/63 MP: 4/13
  5756 | D:6      | Found a bloodstained altar of Trog.
  5891 | D:6      | Noticed a trapdoor spider
  5897 | D:6      | HP: 2/64 [trapdoor spider (15)]
  6454 | D:6      | Slain by an orc warrior

Action                   |  1- 3 |  4- 6 |  7- 9 || total
-------------------------+-------+-------+-------++-------
Melee: Unarmed           |    31 |       |       ||    31
       Dagger            |    81 |       |       ||    81
       Spear             |    36 |   234 |   254 ||   524
 Cast: Summon Small Mamm |    11 |       |       ||    11
       Call Imp          |     2 |    10 |    23 ||    35
       Call Canine Famil |     1 |    13 |    11 ||    25
  Use: Potion            |     8 |    24 |    23 ||    55
       Scroll            |       |     7 |     2 ||     9
 Stab: Sleeping          |     5 |    12 |     9 ||    26
       Distracted        |       |     3 |     1 ||     4
  Eat: Corpse            |     5 |       |       ||     5
